Map: Stranded Isles

Players

killerdragon

  • Race: Protoss Protoss
  • League: Silver
  • Spawn Location: 3:00

WarStranger

  • Race: Protoss Protoss
  • Spawn Location: 6:00

DANgerous

  • Race: Terran Terran
  • Spawn Location: 6:00

Throwfordays - Winner!

  • Race: Protoss Protoss
  • League: Silver
  • Spawn Location: 12:00

Cthulhu - Winner!

  • Race: Terran Terran
  • Spawn Location: 12:00

Faust - Winner!

  • Race: Zerg Zerg
  • League: Diamond
  • Spawn Location: 9:00

VOD

Have the link to the VOD?

Description

Time

  • Played on: March 17, 2019, 9:19 p.m.
  • Length: 13:24
Show
View Real Time Build Order
Export as new Build Order

killerdragon Protoss 

Build Orders:  

Get SALT Encoding   

  12  0:03  Probe  
  13  0:14  Probe  
  14  0:22  Probe  
  15  0:35  Pylon  
  15  0:53  Probe  
  16  0:59  Pylon  
  16  1:05  Probe  
  16  1:09  Pylon  
  16  1:10  Pylon  
  17  1:13  Assimilator  
  17  1:19  Assimilator  
  17  1:26  Forge  
  17  1:41  Probe  
  17  1:45  Gateway  
  18  1:49  Probe  
  19  1:58  Probe  
  19  2:36  Probe  
  19  2:44  Probe  
  20  2:45  Photon Cannon  
  20  2:48  Photon Cannon  
  20  2:49  Photon Cannon  
  21  2:51  Pylon  
  21  2:53  Probe  
  21  2:55  Photon Cannon  
  21  2:58  Protoss Shields Level 1  
  22  3:09  Cybernetics Core  
  22  3:42  Nexus  
  22  3:49  Assimilator  
  22  3:54  Assimilator  
  21  4:11  Probe  
  19  4:23  Probe  
  17  4:34  Probe  
  17  4:37  Protoss Air Weapons Level 1  
  18  4:42  Probe  
  18  4:50  Probe  
  20  5:01  Probe  
  21  5:19  Probe  
  21  5:21  Stargate  
  22  5:23  Stargate  
  22  5:27  Probe  
  22  5:35  Probe  
  24  5:46  Probe  
  25  5:52  Stargate  
  25  5:58  Probe  
  26  6:10  Phoenix  
  28  6:12  Phoenix  
  28  6:16  Protoss Air Armor Level 1  
  28  6:17  Probe  
  31  6:24  Probe  
  32  6:29  Probe  
  33  6:36  Probe  
  33  6:39  Phoenix  
  36  6:48  Probe  
  36  6:54  Phoenix x2  
  37  7:48  Fleet Beacon  
  37  7:54  Photon Cannon, Probe  
  37  7:56  Photon Cannon  
  37  7:57  Photon Cannon  
  38  8:01  Photon Cannon  
  38  8:02  Photon Cannon  
  38  8:04  Probe  
  39  8:06  Probe  
  40  8:13  Pylon  
  40  8:16  Probe  
  40  8:18  Probe  
  42  8:20  Pylon  
  42  8:27  Shield Battery  
  42  8:32  Shield Battery  
  42  8:36  Shield Battery  
  42  8:53  Carrier  
  42  8:59  Carrier  
  42  9:02  Protoss Air Weapons Level 2  
  54  9:24  Probe  
  55  9:32  Probe  
  56  9:41  Probe  
  57  9:50  Tempest  
  62  9:54  Probe  
  62  9:58  Pylon  
  63  10:02  Pylon  
  63  10:06  Probe  
  64  10:10  Tempest x2  
  74  10:17  Pylon  
  62  11:49  Pylon  
  62  11:51  Pylon  
  62  11:55  Pylon  
  62  12:00  Tempest x3  
  62  12:15  Nexus  
  62  12:28  Robotics Facility  
  62  12:31  Pylon  
  62  12:32  Shield Battery  
  62  12:34  Shield Battery  
  62  12:37  Shield Battery  
Show
View Real Time Build Order
Export as new Build Order

WarStranger Protoss 

Build Orders:  

Get SALT Encoding   

  12  2:07  Probe  
  13  2:12  Pylon  
  13  2:19  Pylon, Probe  
  14  2:24  Pylon  
  14  2:29  Pylon  
  14  2:31  Probe  
  14  2:34  Gateway  
  15  2:38  Gateway  
  15  2:41  Gateway  
  15  2:43  Probe  
  16  2:45  Nexus  
  16  2:54  Assimilator  
  16  2:55  Probe  
  17  3:04  Pylon  
  17  3:07  Assimilator  
  17  3:19  Forge  
  17  3:23  Probe  
  18  3:30  Cybernetics Core  
  18  3:32  Probe  
  18  3:41  Probe  
  20  3:50  Probe  
  21  3:59  Photon Cannon  
  21  4:02  Probe  
  22  4:04  Photon Cannon  
  22  4:10  Stalker  
  22  4:11  Stalker  
  22  4:14  Probe  
  27  4:18  Stalker  
  29  4:30  Photon Cannon  
  29  4:41  Stalker  
  31  4:47  Stalker  
  31  4:51  Probe  
  34  5:00  Stalker  
  34  5:03  Probe  
  37  5:12  Probe  
  37  5:13  Warp Gate  
  37  5:20  Probe  
  39  5:29  Probe  
  39  5:33  Photon Cannon  
  40  5:39  Stalker  
  40  5:41  Probe  
  43  5:45  Stalker  
  45  5:51  Stalker  
  45  5:52  Probe  
  48  6:00  Probe  
  49  6:08  Assimilator, Probe  
  49  6:11  Pylon  
  49  6:17  Protoss Ground Weapons Level 1  
  50  6:20  Probe  
  50  6:22  Stalker  
  53  6:26  Stalker  
  53  6:32  Probe  
  56  6:38  Gateway  
  56  6:44  Probe  
  57  6:56  Probe  
  57  6:58  Pylon  
  58  7:01  Photon Cannon  
  58  7:08  Photon Cannon, Probe  
  59  7:16  Stalker x2  
  59  7:17  Stalker  
  65  7:24  Probe  
  65  7:28  Pylon  
  66  7:31  Assimilator  
  66  7:36  Probe  
  67  7:40  Stalker  
  67  7:41  Stalker  
  67  7:42  Stalker  
  73  7:45  Stalker  
  73  7:48  Probe  
  76  8:00  Twilight Council  
  76  8:03  Photon Cannon  
  76  8:09  Forge  
  76  8:15  Stalker x2  
  76  8:17  Stalker  
  82  8:20  Stalker  
  84  8:39  Nexus  
  84  8:50  Pylon  
  84  8:59  Protoss Ground Armor Level 1, Protoss Ground Weapons Level 2  
  84  9:02  Robotics Facility  
  84  9:08  Stalker  
  84  9:09  Stalker  
  88  9:10  Stalker x2  
  92  9:22  Blink  
  92  9:40  Photon Cannon  
  92  9:44  Pylon  
  92  9:55  Assimilator  
  92  10:00  Photon Cannon  
  92  10:04  Immortal  
  96  10:08  Stalker  
  96  10:09  Stalker  
  100  10:14  Stalker  
  100  10:17  Stalker  
  104  10:33  Gateway  
  104  10:37  Gateway  
  104  10:42  Gateway  
  86  11:51  Stalker  
  86  11:52  Stalker x3  
  94  11:59  Stalker x2  
  94  12:00  Stalker  
  100  12:07  Observer  
  59  12:56  Stalker x3  
  59  12:57  Stalker x2  
  59  12:58  Stalker x2  
Show
View Real Time Build Order
Export as new Build Order

DANgerous Terran 

Build Orders:  

Get SALT Encoding   

  12  0:04  SCV  
  13  0:17  SCV  
  14  0:30  SCV  
  14  0:34  Supply Depot  
  15  1:03  Barracks  
  15  1:11  SCV  
  15  1:13  Barracks  
  15  1:17  Refinery  
  16  1:23  SCV  
  17  1:35  SCV  
  18  1:40  Supply Depot  
  18  1:43  Barracks  
  18  1:48  SCV  
  19  2:00  SCV  
  20  2:01  Marine  
  20  2:06  Marine  
  22  2:12  SCV  
  22  2:24  Marine, SCV, Bunker  
  21  2:55  Barracks  
  21  3:04  Marine  
  22  3:11  SCV  
  23  3:21  Marine  
  23  3:23  SCV  
  25  3:27  Marine  
  26  3:39  Marine  
  27  3:44  SCV  
  27  3:45  Marine  
  27  3:47  Refinery  
  28  3:51  Marine  
  29  3:56  SCV  
  29  3:57  Marine  
  29  3:58  Bunker  
  31  4:07  Bunker  
  31  4:11  Supply Depot  
  31  4:32  Marine x3, SCV  
  35  4:44  SCV  
  36  4:50  Marine  
  37  4:53  Factory  
  37  4:54  Marine  
  37  4:57  SCV  
  39  5:07  Supply Depot  
  39  5:28  Marine x3  
  39  5:29  SCV  
  39  5:34  Command Center  
  43  5:41  SCV  
  44  5:46  Marine x2  
  46  5:50  Factory Tech Lab  
  46  5:53  SCV, Starport  
  46  5:55  Supply Depot  
  46  5:56  Barracks Tech Lab  
  47  6:06  Barracks Reactor  
  47  6:16  Marine, SCV  
  47  6:17  Siege Tank  
  52  6:23  Supply Depot  
  52  6:28  SCV, Engineering Bay  
  53  6:40  SCV  
  53  6:42  Marine  
  53  6:44  Marine  
  56  6:49  Siege Tank  
  56  6:52  SCV  
  60  7:00  Marine  
  61  7:04  SCV  
  61  7:06  Marine  
  63  7:09  Supply Depot  
  63  7:12  Marauder  
  65  7:16  SCV  
  65  7:17  Marine  
  67  7:23  Marine  
  67  7:28  Barracks Tech Lab  
  68  7:35  Command Center  
  68  7:39  Marine  
  68  7:41  Marine  
  70  7:49  Refinery, SCV  
  71  7:57  Medivac  
  73  8:01  SCV  
  74  8:07  Missile Turret  
  74  8:10  Missile Turret  
  74  8:12  SCV  
  75  8:14  SCV  
  76  8:26  SCV  
  63  8:38  Marine, SCV  
  65  8:50  SCV, Medivac  
  65  8:52  Siege Tank  
  71  8:56  Marine  
  71  8:57  SCV  
  71  9:02  SCV  
  74  9:09  SCV  
  75  9:13  Refinery  
  75  9:14  Marine, SCV  
  77  9:20  Medivac  
  77  9:21  SCV  
  77  9:23  Refinery  
  80  9:26  SCV  
  81  9:32  Marine, Supply Depot  
  81  9:33  SCV  
  83  9:38  SCV  
  84  9:46  SCV  
  84  9:49  Marine  
  84  9:51  Marine  
  87  10:02  Fusion Core  
  87  10:07  Marine  
  87  10:08  SCV  
  87  10:09  Marine  
  90  10:16  Refinery  
  90  10:20  SCV  
  91  10:22  Missile Turret  
  91  10:24  Command Center  
  91  10:26  SCV, Missile Turret  
  91  10:27  Marine  
  93  10:32  SCV  
  93  10:35  Terran Infantry Weapons Level 1  
  94  10:37  Armory  
  86  10:45  Marine  
  87  11:03  Marine  
  88  11:13  Marine  
  89  11:30  Marine  
  89  11:32  Starport  
  83  11:48  Marine  
  84  12:06  Marine  
  85  12:10  Command Center  
  85  12:12  SCV  
  86  12:16  Refinery  
  86  12:18  Refinery  
  86  12:20  SCV  
  87  12:24  Marine, SCV  
  89  12:32  SCV  
  89  12:36  SCV  
  88  12:44  SCV  
  88  12:48  SCV  
  79  12:56  SCV  
  63  13:00  SCV  
Show
View Real Time Build Order
Export as new Build Order

Throwfordays Protoss - Winner!

Build Orders: Nexus First 

Get SALT Encoding   

  12  0:02  Probe  
  13  0:10  Probe  
  13  0:20  Probe  
  15  0:47  Nexus  
  15  0:53  Pylon  
  15  1:11  Gateway, Probe  
  16  1:18  Assimilator  
  16  1:23  Probe  
  17  1:29  Gateway  
  17  1:40  Forge, Probe  
  18  1:48  Probe  
  19  1:57  Probe  
  20  2:01  Cybernetics Core  
  20  2:03  Probe  
  21  2:11  Probe  
  22  2:16  Assimilator  
  22  2:20  Probe  
  23  2:32  Probe  
  24  2:37  Warp Gate  
  24  2:39  Adept  
  24  2:42  Adept  
  28  2:44  Probe  
  28  2:49  Probe  
  30  2:57  Probe  
  31  3:01  Probe  
  32  3:09  Adept, Probe  
  32  3:12  Adept  
  37  3:13  Probe  
  37  3:14  Pylon  
  38  3:32  Probe  
  38  3:34  Pylon  
  39  3:36  Pylon  
  39  3:44  Probe  
  40  3:51  Pylon  
  40  3:52  Assimilator  
  40  3:56  Assimilator, Probe  
  40  3:58  Pylon  
  40  4:02  Pylon  
  41  4:08  Probe  
  42  4:13  Protoss Shields Level 1  
  42  4:20  Probe  
  42  4:24  Probe  
  44  4:26  Protoss Air Weapons Level 1  
  44  4:32  Probe  
  44  4:35  Nexus  
  44  4:36  Probe  
  46  4:39  Assimilator  
  46  4:43  Assimilator  
  46  4:44  Probe  
  47  4:48  Probe  
  48  4:55  Photon Cannon  
  48  4:56  Probe  
  48  4:58  Photon Cannon  
  49  5:04  Photon Cannon  
  49  5:07  Photon Cannon  
  49  5:08  Probe  
  49  5:11  Photon Cannon  
  50  5:19  Probe  
  50  5:20  Photon Cannon  
  51  5:25  Photon Cannon  
  51  5:30  Probe  
  51  5:31  Probe  
  53  5:38  Stargate, Probe  
  53  5:41  Stargate  
  54  5:43  Probe  
  54  5:46  Probe  
  54  5:47  Probe  
  56  5:54  Probe x2  
  56  5:55  Probe  
  58  6:02  Probe x2  
  58  6:03  Probe  
  60  6:10  Probe  
  63  6:13  Probe  
  63  6:14  Probe  
  63  6:17  Stargate  
  66  6:18  Stargate  
  66  6:21  Probe  
  66  6:24  Fleet Beacon  
  67  6:25  Probe  
  67  6:26  Probe  
  67  6:31  Protoss Air Armor Level 1  
  69  6:33  Probe  
  69  6:35  Twilight Council  
  69  6:38  Probe  
  71  6:51  Probe  
  71  6:53  Probe  
  73  6:55  Probe  
  73  7:00  Void Ray x2  
  73  7:01  Void Ray  
  86  7:04  Void Ray  
  90  7:10  Cybernetics Core  
  90  7:13  Forge  
  90  7:40  Nexus  
  90  7:42  Assimilator  
  90  7:47  Assimilator  
  90  7:50  Pylon  
  90  7:53  Pylon  
  90  8:00  Protoss Air Weapons Level 2  
  90  8:01  Void Ray  
  90  8:02  Void Ray  
  98  8:08  Pylon, Void Ray x2  
  98  8:09  Pylon  
  98  8:10  Pylon  
  98  8:12  Pylon  
  106  8:13  Pylon  
  106  8:14  Pylon  
  106  8:15  Probe  
  106  8:18  Probe  
  107  8:23  Probe  
  107  8:25  Probe  
  107  8:26  Probe  
  109  8:32  Probe  
  109  8:33  Probe  
  111  8:34  Protoss Shields Level 2  
  111  8:36  Probe  
  114  8:42  Probe  
  114  8:44  Void Ray x2  
  114  8:47  Protoss Air Armor Level 2  
  123  8:50  Void Ray x2  
  123  8:55  Probe  
  132  9:07  Probe  
  132  9:08  Pylon  
  132  9:09  Pylon  
  133  9:11  Pylon  
  133  9:29  Void Ray x2  
  141  9:33  Void Ray x2  
  149  10:11  Void Ray x2  
  157  10:15  Protoss Air Weapons Level 3  
  157  10:16  Void Ray x2, Probe  
  166  10:28  Probe  
  167  10:40  Probe  
  168  10:54  Void Ray x2  
  176  10:59  Void Ray x2  
  152  11:32  Void Ray  
  152  11:33  Void Ray x3  
  136  12:04  Void Ray x2  
  136  12:05  Void Ray x2  
Show
View Real Time Build Order
Export as new Build Order

Cthulhu Terran - Winner!

Build Orders:  

Get SALT Encoding   

  12  0:02  SCV  
  13  0:14  SCV  
  14  0:24  Supply Depot  
  14  0:27  SCV  
  15  0:43  Refinery  
  15  0:46  SCV  
  15  0:48  Barracks  
  16  0:58  SCV  
  17  1:20  SCV  
  17  1:24  Engineering Bay  
  18  1:36  Marine  
  18  1:39  Supply Depot  
  19  1:40  Supply Depot  
  19  1:46  Orbital Command  
  19  1:55  Terran Infantry Weapons Level 1  
  19  1:56  Marine  
  20  2:11  Bunker  
  20  2:14  Marine  
  21  2:21  SCV  
  22  2:32  Marine  
  22  2:33  SCV  
  22  2:35  Factory  
  24  2:55  Marine, SCV  
  26  3:05  Command Center  
  26  3:08  SCV  
  27  3:15  Marine  
  27  3:20  SCV  
  26  3:36  Marine, SCV  
  26  3:38  Factory Tech Lab  
  28  3:42  Command Center  
  28  3:48  SCV  
  29  4:02  Siege Tank  
  32  4:04  Marine  
  33  4:11  SCV  
  34  4:20  Orbital Command  
  35  4:24  SCV  
  35  4:30  Marine  
  36  4:34  Barracks  
  36  4:36  SCV, Siege Tank  
  40  4:40  Refinery  
  40  4:48  SCV  
  40  4:52  Refinery  
  41  4:53  Refinery  
  41  5:02  Factory  
  41  5:07  SCV x2, Orbital Command  
  43  5:15  Supply Depot  
  43  5:19  SCV  
  43  5:21  SCV  
  45  5:24  Barracks Tech Lab  
  45  5:26  Barracks Tech Lab  
  45  5:28  Marine  
  46  5:45  SCV  
  46  5:46  Marine  
  46  5:47  SCV x2  
  46  5:49  Marine  
  51  5:52  Factory Tech Lab  
  51  5:53  Terran Infantry Armor Level 1  
  51  5:57  SCV  
  51  6:02  SCV  
  51  6:03  SCV  
  54  6:07  Marine  
  54  6:09  SCV  
  56  6:13  Barracks, Stimpack, Armory  
  56  6:15  SCV x2  
  58  6:20  Marauder  
  58  6:24  Marine  
  61  6:41  Marauder  
  61  6:43  Marine, SCV x2  
  66  6:47  Missile Turret x2  
  66  6:49  Missile Turret  
  66  6:50  Missile Turret  
  66  6:52  Sensor Tower  
  66  6:54  Missile Turret  
  66  7:00  Missile Turret  
  66  7:01  Marine  
  66  7:02  SCV x2  
  66  7:07  Missile Turret  
  69  7:08  Missile Turret  
  69  7:10  SCV  
  69  7:11  Marauder  
  69  7:14  SCV  
  73  7:28  Marine x2  
  75  7:36  Starport  
  75  7:40  SCV  
  75  7:41  SCV  
  75  7:44  Supply Depot  
  77  7:45  Marine, Thor  
  77  7:46  SCV  
  77  7:47  Supply Depot, Terran Infantry Weapons Level 2  
  85  7:52  Combat Shield  
  88  8:05  SCV x3  
  88  8:07  Supply Depot  
  88  8:13  Barracks Reactor, Marine  
  88  8:17  SCV, Starport Reactor  
  90  8:20  Siege Tank  
  90  8:22  Marauder  
  95  8:29  Refinery  
  95  8:30  Supply Depot  
  95  8:31  Marine  
  95  8:32  Refinery  
  96  8:43  Marauder  
  98  8:50  Sensor Tower  
  98  8:51  Thor  
  98  8:54  Siege Tank  
  76  8:55  Medivac  
  107  8:56  Viking  
  107  8:57  Supply Depot  
  111  9:10  Missile Turret  
  111  9:20  Marine x2  
  113  9:54  SCV x2  
  113  9:55  SCV  
  113  9:57  Marauder  
  113  9:58  Barracks Tech Lab  
  118  10:01  Thor  
  118  10:03  Terran Infantry Armor Level 2  
  124  10:38  Thor, Viking, Medivac  
  124  10:39  Marauder x2  
  124  10:40  Supply Depot  
  138  10:43  Terran Vehicle And Ship Armor Level 1  
  138  11:03  Supply Depot  
  138  11:05  Marauder x2  
  138  11:07  Thor  
  148  11:12  Viking, Medivac  
  152  11:26  Marauder  
  152  11:27  Marauder  
  153  11:42  Viking x2  
  157  11:54  Command Center, Missile Turret  
  157  11:55  Missile Turret  
  157  11:57  Missile Turret  
  157  11:59  Missile Turret  
  157  12:00  Missile Turret  
  157  12:01  Missile Turret  
  157  12:10  Sensor Tower  
  157  12:19  Marauder x2  
  161  12:29  Refinery  
  161  12:41  Marauder  
Show
View Real Time Build Order
Export as new Build Order

Faust Zerg - Winner!

Build Orders: Hatch First, Swarm Host 

Get SALT Encoding   

  12  0:01  Drone  
  13  0:10  Drone  
  14  0:16  Extractor  
  14  0:17  Drone  
  15  0:23  Overlord  
  15  0:42  Drone x2  
  17  0:55  Hatchery  
  16  0:57  Drone  
  17  1:12  Spawning Pool  
  17  1:14  Drone  
  17  1:24  Extractor  
  17  1:25  Drone  
  17  1:26  Drone  
  17  1:27  Drone  
  19  1:41  Overlord  
  19  1:59  Queen, Zergling x2  
  19  2:00  Zergling x2  
  23  2:07  Queen  
  23  2:08  Zergling x2  
  26  2:22  Zergling x6  
  29  2:24  Metabolic Boost  
  29  2:29  Drone  
  30  2:31  Drone  
  31  2:51  Drone  
  31  2:52  Drone x2  
  34  3:01  Lair  
  34  3:03  Drone x2  
  36  3:12  Overlord  
  36  3:33  Drone  
  38  3:34  Drone x5  
  38  3:35  Drone  
  38  3:38  Hatchery  
  39  4:04  Drone  
  39  4:05  Drone x3  
  43  4:11  Extractor, Hydralisk Den  
  40  4:20  Drone  
  40  4:21  Drone x2  
  40  4:22  Drone x2  
  43  4:24  Overlord x2  
  43  4:25  Overlord  
  43  4:31  Overseer  
  43  4:35  Spore Crawler, Queen  
  44  4:38  Overlord  
  44  4:39  Overlord x2  
  44  4:42  Queen  
  44  4:44  Drone x3  
  49  4:46  Drone  
  50  4:58  Muscular Augments  
  50  5:05  Extractor, Drone x3  
  50  5:06  Extractor, Drone x3  
  54  5:13  Drone x5  
  59  5:20  Drone x3  
  62  5:27  Queen, Drone x3  
  67  5:29  Drone  
  67  5:31  Drone x2  
  70  5:41  Drone x2  
  72  5:47  Extractor  
  72  5:48  Extractor  
  70  5:53  Overlord x3  
  70  5:58  Drone  
  70  5:59  Drone x2  
  73  6:07  Drone x3, Hatchery  
  73  6:08  Drone x3  
  73  6:09  Grooved Spines  
  78  6:15  Drone x2  
  78  6:16  Drone  
  81  6:39  Spire  
  80  6:44  Spore Crawler  
  79  6:48  Spore Crawler  
  79  6:50  Spore Crawler  
  79  6:51  Drone  
  79  6:52  Spore Crawler  
  79  6:53  Drone x4  
  81  6:56  Drone  
  81  6:57  Spore Crawler  
  81  7:00  Drone  
  81  7:01  Drone x2  
  84  7:02  Spore Crawler, Drone  
  84  7:03  Drone x7  
  91  7:09  Infestation Pit  
  90  7:20  Spore Crawler  
  90  7:21  Zergling x16  
  90  7:22  Zergling x2  
  98  7:34  Hydralisk x2  
  98  7:35  Nydus Network, Hydralisk x3  
  107  7:40  Overlord x2  
  107  7:41  Overlord, Hydralisk x4  
  107  7:42  Hydralisk  
  117  7:50  Evolution Chamber  
  117  7:51  Evolution Chamber  
  115  8:01  Zergling x14  
  122  8:14  Pneumatized Carapace  
  122  8:18  Overlord  
  122  8:19  Overlord x3  
  114  8:38  Extractor, Drone  
  114  8:39  Drone x4  
  114  8:40  Extractor, Drone  
  118  8:54  Swarm Host  
  118  8:55  Swarm Host x11  
  136  8:59  Zerg Ground Armor Level 1, Zerg Missile Weapons Level 1  
  136  9:01  Zergling x2  
  155  9:09  Drone  
  156  9:10  Drone x4  
  156  9:11  Drone x2  
  162  9:29  Hive  
  162  9:30  Burrow  
  162  9:36  Lurker Den  
  161  9:40  Spine Crawler x2  
  161  9:41  Spore Crawler  
  161  9:42  Spore Crawler  
  157  9:46  Spine Crawler x2  
  155  10:01  Nydus Canal  
  155  10:09  Hydralisk  
  155  10:10  Hydralisk x9  
  174  10:52  Overlord x2  
  174  10:53  Overlord x4  
  174  11:01  Zerg Missile Weapons Level 2  
  174  11:02  Zerg Ground Armor Level 2  
  174  11:27  Hydralisk x5  
  174  11:28  Hydralisk x7  
  198  11:49  Hatchery  
  197  11:54  Baneling Nest  
  196  12:21  Hatchery  
Tags
 
Add a new tag
Caveats
  • Supply blocks, unpowered buildings, or Contaminate may cause inaccurate times.
  • Supply counts are checked every 10 seconds.